 Dungeon Crawl Stone Soup version 0.26-a0-1161-g0398aca569 (webtiles) character file.

Game seed: 15089694257056377526

43 Morbidden the Insei (level 3, -1/23 HPs)
             Began as an Octopode Transmuter on Dec 26, 2020.
             Killed by nerve-wracking pain
             ... invoked by Jessica
              (4 damage)
             ... on level 2 of the Dungeon.
             The game lasted 00:01:31 (1727 turns).

Morbidden the Insei (Octopode Transmuter)           Turns: 1727, Time: 00:01:32

Health: -1/23      AC:  1    Str:  9    XL:     3   Next: 58%
Magic:  5/6        EV: 13    Int: 16    God:
Gold:   62         SH:  0    Dex: 12    Spells: 5/6 levels left

rFire    . . .     SeeInvis .     - Unarmed
rCold    . . .     Faith    .   (no shield)
rNeg     . . .     Spirit   .   (helmet currently unavailable)
rPois    .         Reflect  .   (no amulet)
rElec    .         Harm     .   (no ring)
rCorr    .         Rampage  .   (no ring)
Will     .....                  (no ring)
Stlth    ++........             (no ring)
HPRegen  0.07/turn              (no ring)
MPRegen  0.10/turn              (no ring)
                                (no ring)
                                (no ring)

@: lethally poisoned (-1 -> -7), appendages (expiring)
A: almost no armour, stealthy swim, amphibious, 8 rings, constrict 8, tentacle
spike 3, camouflage 1, gelatinous body 1
a: End Transformation


You were on level 2 of the Dungeon.
One of your tentacles had a temporary spike.
You visited 1 branch of the dungeon, and saw 2 of its levels.

You collected 62 gold pieces.

Inventory:

Scrolls
 a - 2 scrolls of remove curse {unknown}
 b - 3 scrolls of identify {unknown}
 c - a scroll of amnesia {unknown}
 d - a scroll of immolation {unknown}
 i - a scroll of teleportation {unknown}
Potions
 e - a potion of curing {unknown}
 f - a potion of magic {unknown}
 g - a potion of flight {unknown}
 h - a potion of degeneration {unknown}


   Skills:
 * Level 1.5 Fighting
 + Level 2.1 Dodging
 + Level 0.4 Stealth
 + Level 3.4 Unarmed Combat
 * Level 2.4 Spellcasting
 * Level 2.5 Transmutations


You had 5 spell levels left.
You knew the following spells:

 Your Spells              Type           Power        Failure   Level
a - Beastly Appendage     Tmut           20%          7%          1

Your spell library contained the following spells:

 Spells                   Type           Power        Failure   Level
 Wereblood                Tmut           10%          11%         2
 Spider Form              Tmut/Pois      2%           34%         3
 Ice Form                 Ice/Tmut       5%           75%         4
 Blade Hands              Tmut           5%           89%         5


Dungeon Overview and Level Annotations

Branches:
Dungeon (2/15)

Altars:

Annotations:
D:2 Jessica


Innate Abilities, Weirdness & Mutations

You cannot wear most types of armour.
You are very stealthy in the water. (Stealth+)
You are amphibious.
You can wear up to eight rings at the same time.
You can use your tentacles to constrict eight enemies at once.
Your skin changes colour to match your surroundings (Stealth+).
Your rubbery body absorbs attacks. (AC +1, EV +1)
One of your tentacles bears a large vicious spike.


Message History

Unknown command.
You closely miss the adder. Your grab misses the adder.
Your tentacle spike misses the adder.
Your squeeze misses the adder. The adder bites you. Jessica barely misses you.
The adder bites you.
You are poisoned.
The adder poisons you!
Unknown command.
You tentacle-slap Jessica but do no damage.
You grab Jessica.
You constrict Jessica, but do no damage.
You feel sick. Jessica gestures at you while chanting.
Pain shoots through your body!
* * * LOW HITPOINT WARNING * * *
The adder barely misses you.
You closely miss the adder. You grab the adder. You constrict Jessica.
You constrict the adder. Jessica casts a spell at you.
Pain shoots through your body!
You die...

....# #.......#####.#
....###.............# ..
..............?.....+...
...................?#...
.........###............
.........# #....#.......
.........###............
#########.......S.......
#.......@@....(.
#.........####...
#...#.....# .....#.....#
....###.....# #....
#.....# #.... ......#
..###### ...


You could see an adder and Jessica.

Vanquished Creatures
  An adder (D:2)
  An ooze (D:2)
  A worm (D:2)
  A dart slug (D:1)
  3 bats (D:1)
  5 giant cockroaches
  5 goblins (D:1)
  A hobgoblin (D:1)
  2 frilled lizards (D:1)
  3 kobolds (D:1)
  A rat (D:1)
24 creatures vanquished.

Notes
Turn   | Place    | Note
-------+----------+-------------------------------------------
     0 | D:1      | Morbidden the Octopode Transmuter began the quest for the
                  | Orb.
     0 | D:1      | Reached XP level 1. HP: 13/13 MP: 3/3
   265 | D:1      | Reached XP level 2. HP: 14/18 MP: 3/5
  1109 | D:1      | Reached XP level 3. HP: 15/23 MP: 6/6
  1716 | D:2      | Noticed Jessica
  1727 | D:2      | Killed from afar by Jessica

Illustrated notes

Levels and vault maps discovered:
D:1:      dpeg_arrival_line_fractal, layout_basic
D:2:      layout_basic, makhleb_altar_promises_db, grunt_ministairs_13,
          uniq_jessica, uniq_robin

Action                   || total
-------------------------++-------
Melee: Unarmed           ||    67
       Constrict         ||    19
       Kick              ||     8
       Tentacles         ||    12
 Cast: Beastly Appendage ||     9
  Use: Potion            ||     1
 Stab: Sleeping          ||     3
Armor: Skin              ||     5
Dodge: Dodged            ||    32

Table legend: (Time is in decaauts)
 A = Elapsed time spent in this place.
 B = Non-inter-level travel time spent in this place.
 C = Inter-level travel time spent in this place.
 D = Time resting spent in this place.
 E = Time spent auto-exploring this place.
 F = Levels seen in this place.
 G = Mean time per level.
                   A        B        C        D        E       F      G
               +--------+--------+--------+--------+--------+-----+--------+
         Total |   1722 |   1676 |     46 |    308 |   1211 |   2 |  861.0 |
       Dungeon |   1722 |   1676 |     46 |    308 |   1211 |   2 |  861.0 |
               +--------+--------+--------+--------+--------+-----+--------+

Top non-repeatable levels by time:
     D:1: 1372 daAuts
     D:2: 350 daAuts
